 Dungeon Crawl Stone Soup version 0.31-a0-232-gb1c03b2570 (webtiles) character file.

Game seed: 4818454377392173786

35851 Newt the Markskobold (level 14, -6/88 HPs)
             Began as a Kobold Hunter on July 7, 2023.
             Was a High Priest of Hepliaklqana.
             Killed from afar by an ice dragon (62 damage)
             ... with a blast of cold
             ... on level 5 of the Lair of Beasts.
             The game lasted 00:18:29 (17474 turns).

Newt the Markskobold (Kobold Hunter)               Turns: 17474, Time: 00:18:29

Health: -6/88      AC:  7    Str: 10    XL:     14   Next: 20%
Magic:  18/21      EV: 24    Int: 10    God:    Hepliaklqana [*****.]
Gold:   553        SH:  5    Dex: 25    Spells: 21/23 levels left

rFire   . . .        a - +0 shortbow (freeze)
rCold   . . .        (shield currently unavailable)
rNeg    + . .        y - +0 steam dragon scales
rPois   .            M - +0 hat
rElec   .            I - scarf {harm}
rCorr   +            Y - +1 pair of gloves {Dex+3}
SInv    .            (no boots)
Will    ++...        K - amulet "Fipiett" {Reflect rN+ rCorr SH+5 Stlth+}
Stlth   ++++         j - ring of willpower
HPRegen 0.34/turn    x - +4 ring of slaying
MPRegen 0.17/turn

%: harm (+30% outgoing, +20% incoming), reflection
@: studying Fighting
A: reduced essence, small, no large weapons, nightstalker 3
a: Renounce Religion, Recall Ancestor, Ancestor Identity, Transference, Idealise


You were on level 5 of the Lair of Beasts.
You worshipped Hepliaklqana.
Hepliaklqana was extremely pleased with you.
You visited 2 branches of the dungeon, and saw 16 of its levels.
You also visited: Ossuary.

You collected 1246 gold pieces.
You spent 693 gold pieces at shops.

Inventory:

Hand Weapons
 a - a +0 shortbow of freezing (weapon)
Missiles
 A - a throwing net
Armour
 c - a +1 leather armour
 o - a +0 helmet
 t - a +1 pair of gloves
 y - +0 steam dragon scales (worn)
 H - +0 acid dragon scales
 I - a scarf of harm (worn)
 M - a +0 hat (worn)
 S - the +18 Lear's hauberk
   (You found it on level 1 of the Lair of Beasts)
 Y - a +1 pair of gloves of dexterity (worn)
Jewellery
 e - an amulet of regeneration
 i - a +4 ring of protection
 j - a ring of willpower (left hand)
 x - a +4 ring of slaying (right hand)
 C - a +4 ring of protection
 K - the amulet "Fipiett" (around neck) {Reflect rN+ rCorr SH+5 Stlth+}
   (You bought it in a shop on level 2 of the Dungeon)

   [amulet of reflection]

   It reflects blocked missile attacks.
   rN:        It protects you from negative energy.
   rCorr:     It protects you from acid and corrosion.
   SH:        It affects your SH (+5).
   Stlth:     It makes you more stealthy.
 Q - a ring of willpower
 T - a ring of wizardry
 U - a ring of protection from cold
 W - a ring of protection from cold
 X - an amulet of guardian spirit
 Z - a ring of willpower
Wands
 h - a wand of flame (55)
 m - a wand of roots (8)
 n - a wand of polymorph (8)
 s - a wand of light (15)
 J - a wand of mindburst (11)
 N - a wand of charming (11)
Scrolls
 b - 3 scrolls of butterflies
 f - 3 scrolls of teleportation
 p - 2 scrolls of fog
 u - 3 scrolls of enchant armour
 v - a scroll of fear
 D - 2 scrolls of amnesia
 L - a scroll of blinking
 O - 5 scrolls of identify
Potions
 d - 10 potions of curing
 g - 5 potions of brilliance
 k - 3 potions of mutation
 l - 8 potions of heal wounds
 q - 2 potions of might
 r - 6 potions of lignification
 w - 3 potions of attraction
 z - 6 potions of enlightenment
 B - 3 potions of cancellation
 E - 3 potions of invisibility
 F - a potion of resistance
 G - a potion of berserk rage
 P - a potion of magic
 R - 2 potions of degeneration
 V - a potion of haste


   Skills:
 - Level 15.0 Fighting
 - Level 20.0 Ranged Weapons
 - Level 10.0 Dodging
 - Level 1.3 Stealth
 - Level 5.1 Spellcasting
 - Level 5.1 Transmutations
 - Level 9.0 Invocations
 + Level 7.3 Evocations


You had 21 spell levels left.
You knew the following spells:

 Your Spells              Type           Power      Damage    Failure   Level
a - Wereblood             Tmut           12%        N/A       4%          2

Your spell library contained the following spells:

 Spells                   Type           Power      Damage    Failure   Level
 Beastly Appendage        Tmut           24%        N/A       2%          1
 Apportation              Tloc           4%         N/A       22%         1
 Spider Form              Tmut/Pois      7%         N/A       24%         3
 Cigotuvi's Dreadful Rot  Necr/Pois/Air  4%         N/A       34%         2
 Ignite Poison            Fire/Tmut/Pois 5%         N/A       34%         3
 Hailstorm                Conj/Ice       2%         3d3       56%         3
 Vhi's Electric Charge    Tloc/Air       4%         N/A       56%         3
 Ice Form                 Ice/Tmut       7%         N/A       61%         4
 Alistair's Intoxication  Tmut/Pois      4%         N/A       91%         5
 Dispel Undead            Necr           2%         3d7       92%         4
 Arcjolt                  Conj/Air       1%         1d11      99%         5
 Freezing Cloud           Conj/Ice/Air   1%         6-21      99%         5
 Death Channel            Necr           1%         N/A       100%        6
 Simulacrum               Ice/Necr       1%         N/A       100%        6
 Maxwell's Capacitive Co  Air            1%         ∞         100%        8


Dungeon Overview and Level Annotations

Branches:
Dungeon (11/15)            Temple (0/1) D:5            Lair (5/5) D:11
 Shoals (0/4) Lair:3        Snake (0/4) Lair:2          Orc (0/2) D:10
Ossuary (visited)
  Slime: Lair:4-5

Altars:
Ashenzari
Cheibriados
Elyvilon
Fedhas
Gozag
Hepliaklqana
Kikubaaqudgha
Nemelex Xobeh
Ru
Uskayaw
Xom
Yredelemnul
Zin
The Shining One

Shops:
D:2 =:*:   D:10 !


Innate Abilities, Weirdness & Mutations

Your life essence is reduced to manifest your ancestor. (-10% HP)
You are small and have problems with some larger weapons.
You are completely attuned to the shadows.


Message History

Artakama is healed somewhat.
Artakama hits the ice dragon with a +0 flail!!
The yak gores Artakama!
The ice dragon bites Artakama!
Artakama blocks the ice dragon's attack. x2
Unknown command.
You shoot an arrow. Artakama avoids your attack.
The arrow barely misses the ice dragon.
Artakama blocks the ice dragon's attack.
The ice dragon claws Artakama but does no damage.
The ice dragon tramples Artakama!
Artakama holds his ground!
Artakama is destroyed!
You shoot an arrow. The arrow hits the yak.
The arrow freezes the yak.
The yak is lightly wounded.
You shoot an arrow. The arrow hits the yak.
The arrow freezes the yak.
The yak is lightly wounded.
You shoot an arrow. The arrow hits the ice dragon.
The ice dragon is moderately wounded.
You shoot an arrow. The arrow hits the ice dragon.
The ice dragon is moderately wounded.
You shoot an arrow. The arrow hits the ice dragon!
The ice dragon is heavily wounded.
The ice dragon misses you. x2; The ice dragon closely misses you.
You shoot an arrow. The arrow hits the ice dragon!
The ice dragon is severely wounded.
The ice dragon bites you. The ice dragon closely misses you.
The ice dragon misses you.
You shoot an arrow.
The arrow closely misses the ice dragon.
The arrow closely misses the yak.
You shoot an arrow.
The arrow hits the ice dragon but does no damage.
The ice dragon is severely wounded.
The ice dragon closely misses you. You block the ice dragon's attack.
The ice dragon tramples you but does no damage.
You shoot an arrow. The arrow hits the ice dragon!!
The ice dragon is almost dead.
The ice dragon breathes frost at you. The blast of cold hits you!!!
Ouch! That really hurt!
You die...

### #.#####
#...#.## #......#
##.###.##
##.####..# #.##
#...# ##### ##@#
#...####...### #D#
#.............
#Y.##.............
..####.....†......
#... #............
.... #......P.....
###.....#....
.###... #...


You could see an ice dragon (catching breath) and a yak.

Vanquished Creatures
  The ghost of CowFu the Severer, a journeyman HOFi of Dithmenos (D:9)
  5 hydras
  A boulder beetle (D:11)
  An alligator (Lair:3)
  A death yak (Lair:3)
  Pikel (D:4)
  A cyclops (D:11)
  A manticore (D:11)
  Joseph (D:9)
  6 black mambas
  2 torpor snails
  A gargoyle (D:10)
  Maggie (D:7)
  7 cane toads
  3 rime drakes
  5 komodo dragons
  A freezing wraith (D:9)
  A burning bush (Lair:5)
  2 polar bears
  A hornet (D:9)
  Prince Ribbit (Lair:3)
  3 dream sheep (Lair:4)
  20 blink frogs
  A snapping turtle (Lair:3)
  25 yaks
  2 wraiths
  A basilisk (Lair:2)
  9 wyverns
  A steam dragon (D:6)
  Edmund (D:4)
  An acid dragon (D:9)
  4 nagas (Lair:2)
  2 orc warriors
  9 water moccasins
  2 black bears
  An ogre (D:5)
  11 wolves
  A centaur (D:10)
  2 lemures (D:4)
  3 kobold brigands
  20 bullfrogs
  10 scorpions
  2 water moccasin zombies (Ossuary)
  3 wights (D:7)
  6 killer bees (D:8)
  7 howler monkeys
  3 electric eels
  A gnoll bouda (D:9)
  3 jellies
  7 orc priests
  3 hounds
  4 iguanas
  2 sleepcaps
  Ijyb (D:5)
  4 orc wizards
  5 hell rats (Lair:5)
  A mummy (Ossuary)
  Robin (D:2)
  9 gnolls
  11 adders
  A shadow imp (D:6)
  A white imp (D:5)
  5 adder zombies (Ossuary)
  3 worms
  2 dart slugs
  36 orcs
  9 bats
  10 endoplasms
  2 giant cockroaches (D:3)
  A gnoll zombie (Ossuary)
  17 goblins
  12 hobgoblins
  3 jackals (D:2)
  3 quokkas
  8 ball pythons
  6 frilled lizards
  4 hobgoblin zombies (Ossuary)
  21 kobolds
  2 kobold zombies (Ossuary)
  An orc zombie (Ossuary)
  8 rats
401 creatures vanquished.

Vanquished Creatures (collateral kills)
  A death yak (Lair:3)
  A black mamba (Lair:2)
  2 cane toads
  A blink frog (Lair:3)
  2 yaks
  2 basilisks
  A wraith (D:10)
  A steam dragon (D:11)
  3 water moccasins
  An orc warrior (D:6)
  3 wolves
  A kobold brigand (D:10)
  A gnoll sergeant (D:11)
  2 water moccasin zombies (Ossuary)
  3 orc priests
  A sleepcap (D:6)
  2 orc wizards
  A mummy (Ossuary)
  6 orcs
  A gnoll zombie (Ossuary)
  4 hobgoblin zombies (Ossuary)
  A kobold zombie (Ossuary)
  An orc zombie (Ossuary)
  A butterfly (D:6)
43 creatures vanquished.

Vanquished Creatures (others)
  7 knights
  An orc (D:11)
8 creatures vanquished.

Grand Total: 452 creatures vanquished

Notes
Turn   | Place    | Note
-------+----------+-------------------------------------------
     0 | D:1      | Newt the Kobold Hunter began the quest for the Orb.
     0 | D:1      | Reached XP level 1. HP: 12/12 MP: 1/1
   163 | D:1      | Reached XP level 2. HP: 18/18 MP: 2/2
   552 | D:1      | Noticed an eye of devastation
   553 | D:1      | Found a faded altar of an unknown god.
   553 | D:1      | Noticed a golden eye
   556 | D:1      | Noticed an eye of devastation
   556 | D:1      | Noticed an eye of devastation
   758 | D:1      | Reached XP level 3. HP: 24/24 MP: 3/3
   949 | D:2      | Found Ymotur's Jewellery Shop.
  1082 | D:2      | Found Wukhutz's Book Shoppe.
  1134 | D:2      | Found Wykkudis's Assorted Antiques.
  1139 | D:2      | Bought a scroll of identify for 32 gold pieces
  1139 | D:2      | Bought a scroll labelled TIUGRU LECO for 16 gold pieces
  1401 | D:2      | Reached skill level 5 in Fighting
  1409 | D:2      | Reached XP level 4. HP: 31/31 MP: 4/4
  1520 | D:2      | Reached skill level 6 in Ranged Weapons
  1556 | D:2      | Noticed Robin
  1567 | D:2      | Killed Robin
  1612 | D:2      | Reached XP level 5. HP: 35/35 MP: 5/5
  1848 | D:2      | Found Baytti's Book Boutique.
  2209 | D:3      | Found a basalt altar of Yredelemnul.
  2343 | D:3      | Reached skill level 7 in Ranged Weapons
  2733 | D:3      | Reached XP level 6. HP: 40/40 MP: 6/6
  2920 | D:3      | Reached skill level 8 in Ranged Weapons
  3420 | D:4      | Noticed Pikel
  3443 | D:4      | Killed Pikel
  3444 | D:4      | Reached skill level 10 in Ranged Weapons
  3444 | D:4      | Reached skill level 5 in Dodging
  3444 | D:4      | Reached XP level 7. HP: 18/44 MP: 7/7
  3444 | D:4      | Reached XP level 8. HP: 20/49 MP: 8/8
  3944 | D:4      | Found a sacrificial altar of Ru.
  4386 | D:4      | Found a hazy altar of Hepliaklqana.
  4387 | D:4      | Noticed Edmund
  4409 | D:4      | Killed Edmund
  4414 | D:4      | Became a worshipper of Hepliaklqana the Forgotten
  4432 | D:4      | Found a faded altar of an unknown god.
  4875 | D:5      | Entered Level 5 of the Dungeon
  4920 | D:5      | Found a staircase to the Ecumenical Temple.
  5009 | D:5      | Noticed Ijyb
  5019 | D:5      | Killed Ijyb
  5129 | D:5      | Found a blossoming altar of Fedhas.
  5168 | D:5      | Reached * piety under Hepliaklqana
  5334 | D:5      | Reached XP level 9. HP: 38/55 MP: 9/9
  5548 | D:5      | Reached skill level 10 in Fighting
  6007 | D:6      | Reached skill level 11 in Ranged Weapons
  6052 | D:6      | Found a broken altar of Ashenzari.
  6120 | D:6      | Reached skill level 12 in Ranged Weapons
  6166 | D:6      | Found a shimmering altar of Xom.
  6169 | D:6      | Found a sand-covered staircase.
  6176 | Ossuary  | Entered an ossuary
  6185 | Ossuary  | Reached ** piety under Hepliaklqana
  6186 | Ossuary  | Remembered your ancestor Artakama as a knight
  6408 | D:6      | Reached skill level 13 in Ranged Weapons
  6476 | D:6      | Found a sparkling altar of Nemelex Xobeh.
  6632 | D:6      | Found an opulent altar of Gozag.
  6670 | D:6      | Found an ancient bone altar of Kikubaaqudgha.
  7085 | D:7      | Reached XP level 10. HP: 61/61 MP: 10/10
  7105 | D:7      | Reached skill level 14 in Ranged Weapons
  7313 | D:7      | Noticed Maggie
  7326 | D:7      | Killed Maggie
  7327 | D:7      | Reached skill level 15 in Ranged Weapons
  7330 | D:7      | Learned a level 2 spell: Wereblood
  7333 | D:7      | Reached skill level 1 in Spellcasting
  7333 | D:7      | Reached skill level 1 in Transmutations
  8438 | D:8      | Reached *** piety under Hepliaklqana
  8795 | D:9      | Found a snail-covered altar of Cheibriados.
  8837 | D:9      | Found a hide-covered altar of Uskayaw.
  8887 | D:9      | Reached skill level 5 in Spellcasting
  8887 | D:9      | Reached skill level 5 in Transmutations
  8887 | D:9      | Reached XP level 11. HP: 64/64 MP: 18/18
  9021 | D:9      | Found a glowing golden altar of the Shining One.
  9312 | D:2      | Bought the amulet "Fipiett" {Reflect rN+ rCorr SH+5 Stlth+}
                  | for 545 gold pieces
  9576 | D:9      | Noticed Joseph
  9583 | D:9      | Killed Joseph
  9608 | D:9      | Found a runed translucent gate.
  9608 | D:9      | Found a runed translucent gate.
  9608 | D:9      | Found a runed translucent gate.
  9830 | D:9      | Noticed CowFu's ghost (journeyman HOFi)
  9853 | D:9      | Killed CowFu's ghost
  9929 | D:10     | Entered Level 10 of the Dungeon
  9930 | D:10     | Found a staircase to the Orcish Mines.
 10010 | D:10     | Reached **** piety under Hepliaklqana
 10379 | D:10     | Found a white marble altar of Elyvilon.
 10425 | D:10     | Found Ysel Vus's Distillery.
 10527 | D:10     | Bought a potion of heal wounds for 50 gold pieces
 10527 | D:10     | Bought a potion of heal wounds for 50 gold pieces
 10781 | D:10     | Reached skill level 15 in Fighting
 10810 | D:10     | Reached skill level 1 in Invocations
 11245 | D:11     | Noticed a boulder beetle
 11264 | D:11     | Killed a boulder beetle
 11323 | D:11     | Noticed a manticore
 11328 | D:11     | Killed a manticore
 11329 | D:11     | Reached skill level 5 in Invocations
 11459 | D:11     | Noticed a cyclops
 11463 | D:11     | Killed a cyclops
 11464 | D:11     | Reached XP level 12. HP: 78/78 MP: 19/19
 11664 | D:11     | Found a glowing silver altar of Zin.
 11868 | D:11     | Found a staircase to the Lair.
 12159 | Lair:1   | Entered Level 1 of the Lair of Beasts
 12655 | Lair:1   | Reached ***** piety under Hepliaklqana
 12790 | Lair:1   | Found the +18 Lear's hauberk
 13609 | Lair:2   | Found a staircase to the Snake Pit.
 13723 | Lair:2   | Noticed a four-headed hydra
 13732 | Lair:2   | Killed a four-headed hydra
 13733 | Lair:2   | Reached skill level 10 in Dodging
 13736 | Lair:2   | Reached XP level 13. HP: 64/82 MP: 18/20
 13904 | Lair:2   | Noticed a six-headed hydra
 13912 | Lair:2   | Killed a six-headed hydra
 14194 | Lair:2   | Reached skill level 16 in Ranged Weapons
 14769 | Lair:2   | Reached skill level 17 in Ranged Weapons
 15137 | Lair:3   | Reached skill level 18 in Ranged Weapons
 15305 | Lair:3   | Noticed Prince Ribbit
 15314 | Lair:3   | Killed Prince Ribbit
 15649 | Lair:3   | Identified the +4 scimitar of Noon {drain, rCorr Str-3
                  | Int+4 Dex+3}
 15651 | Lair:3   | Identified the +3 spear of Hyinois {drain, Dex+3}
 15757 | Lair:3   | Noticed an eight-headed hydra
 15757 | Lair:3   | Noticed a four-headed hydra
 15759 | Lair:3   | Noticed a six-headed hydra
 15761 | Lair:3   | Killed an eight-headed hydra
 15762 | Lair:3   | Reached skill level 19 in Ranged Weapons
 15765 | Lair:3   | Killed a six-headed hydra
 15772 | Lair:3   | Killed a four-headed hydra
 15828 | Lair:3   | Identified the +1 rapier of Bodily Harmony {freeze, rF+
                  | Int+5}
 16061 | Lair:3   | Found a staircase to the Shoals.
 16724 | Lair:4   | Reached XP level 14. HP: 88/88 MP: 21/21
 16758 | Lair:4   | Reached skill level 20 in Ranged Weapons
 17335 | Lair:5   | Entered Level 5 of the Lair of Beasts
 17342 | Lair:5   | Reached skill level 5 in Evocations
 17474 | Lair:5   | Killed from afar by an ice dragon

Illustrated notes

Levels and vault maps discovered:
D:1:      kennysheep_arrival_seaside, layout_basic,
          hellmonk_ecumenical_altar_watching_god
D:2:      layout_loops_corners, serial_shops, shop, nicolae_shop_gaudy_bauble,
          shop, shop, minmay_tetromino_t4, uniq_robin, uniq_crazy_yiuf_cottage
D:3:      minmay_chambers_of_threes, layout_basic, yredelemnul_altar_generic
D:4:      old_forge, layout_loops_corners, beargit_hepliaklqana_dungeon_heroes,
          mainiacjoe_overflow_surrounded_room, minmay_crystal_water, uniq_pikel
D:5:      layout_gridville, old_standard_altar, minmay_temple_entry_hall,
          uniq_ijyb
D:6:      layout_cave_pools, xom_butterflies, nemelex_spade_bored_becter,
          kiku_gazebo_garden_becter, lemuel_coloured_pillars_altar,
          nicolae_ashenzari_skybound, nicolae_ossuary_entry_ruins
D:7:      layout_basic, serial_bayou_pond_c, minivault_24, uniq_maggie
D:8:      layout_loops_corners, serial_aquarium, aquarium_bridge_square
          [aquarium_subvault_wall, aquarium_subvault_bridge,
          aquarium_subvault_window, aquarium_subvault_bridge],
          aquarium_bridge_square [aquarium_subvault_wall,
          aquarium_subvault_wall, aquarium_subvault_window,
          aquarium_subvault_bridge], aquarium_window_1, aquarium_window_fake,
          aquarium_view_2d
D:9:      layout_roguey, amcnicky_altar_gilded, mainiacjoe_overflow_brackets,
          nicolae_overflow_hidden_temple, gammafunk_ghost_spectres, uniq_joseph
D:10:     layout_roguey, general_overflow_altar, minmay_orc_entry_temple_small,
          serial_shops, nicolae_shop_just_a_little_nook, grunt_decor_cap,
          moated_statue
D:11:     layout_gridville, erik_lair_dragon, zin_academy
Lair:1:   statuecave_lemuel, layout_chaotic_city, beast_lair_carwin_11
Lair:2:   layout_regular_city, minmay_snake_entry_guardpost_small,
          grunt_forest_small_clearing_treed, serial_bayou_shore_b
Lair:3:   nzn_winding_woodlands_large [nzn_winding_woodlands_5x5_default,
          nzn_winding_woodlands_5x15_cabin, nzn_winding_woodlands_5x5_three,
          nzn_winding_woodlands_center_diamonds,
          nzn_winding_woodlands_15x15_eel_pit,
          nzn_winding_woodlands_center_triple_pond,
          nzn_winding_woodlands_5x5_open_star, nzn_winding_woodlands_5x15_eye,
          nzn_winding_woodlands_5x5_default], layout_cave_pods,
          minmay_shoals_entry_hut, serial_bayou_shore_b, lemuel_fruit_tree,
          uniq_prince_ribbit2
Lair:4:   layout_loops_ring
Lair:5:   grunt_lair_end_beastmaster, layout_cellular_growth, slime_entry_1,
          portal_ice_cave_entry_animals_and_master, evilmike_ambush
          [evilmike_ambush_outer_basic, evilmike_ambush_inner_basic],
          grunt_megastairs_1, infiniplex_staircase_pool_2

Skill      XL: |  1  2  3  4  5  6  7  8  9 10 11 12 13 14 |
---------------+-------------------------------------------+-----
Fighting       | 3 5 9 10 15 | 15.0
Ranged Weapons | 6 7 10 13 15 19 20 | 20.0
Dodging        | 5 10 | 10.0
Evocations     | 2 4 7 |  7.3
Spellcasting   | 5 |  5.1
Transmutations | 5 |  5.1
Invocations    | 6 9 |  9.0
Stealth        | |  1.3

Action                     |  1- 3 |  4- 6 |  7- 9 | 10-12 | 13-15 || total
---------------------------+-------+-------+-------+-------+-------++-------
   Fire: Shortbow          |    97 |   207 |   303 |   588 |   338 ||  1533
   Cast: Wereblood         |       |       |       |    10 |       ||    10
 Invoke: Ancestor Life: Kn |       |       |     1 |       |       ||     1
         Ancestor Identity |       |       |     1 |       |       ||     1
         Idealise          |       |       |       |       |     1 ||     1
  Evoke: Wand              |       |     2 |       |     1 |     1 ||     4
    Use: Scroll            |     8 |     4 |     6 |     6 |     1 ||    25
 Armour: Leather armour    |    20 |    52 |    28 |       |       ||   100
         Steam dragon scal |       |       |     3 |    15 |    12 ||    30
  Dodge: Dodged            |    46 |   129 |   115 |   108 |    83 ||   481
  Block: Other             |       |       |       |    18 |    27 ||    45
         Reflection        |       |       |       |     3 |       ||     3

Table legend: (Time is in decaauts)
 A = Elapsed time spent in this place.
 B = Non-inter-level travel time spent in this place.
 C = Inter-level travel time spent in this place.
 D = Time resting spent in this place.
 E = Time spent auto-exploring this place.
 F = Levels seen in this place.
 G = Mean time per level.
                   A        B        C        D        E       F      G
               +--------+--------+--------+--------+--------+-----+--------+
         Total |  17261 |  16305 |    956 |   1073 |  12926 |  17 | 1015.4 |
       Dungeon |  12014 |  11215 |    799 |    603 |   9030 |  11 | 1092.2 |
          Lair |   5089 |   4932 |    157 |    469 |   3816 |   5 | 1017.8 |
       Ossuary |    156 |    156 |      0 |      0 |     80 |   1 |  156.0 |
               +--------+--------+--------+--------+--------+-----+--------+

Top non-repeatable levels by time:
  Lair:3: 1642 daAuts
     D:4: 1631 daAuts
  Lair:2: 1282 daAuts
     D:2: 1262 daAuts
     D:3: 1248 daAuts
  Lair:1: 1208 daAuts
    D:11: 1190 daAuts
     D:5: 1127 daAuts
     D:8: 1106 daAuts
    D:10: 1092 daAuts
     D:1: 944 daAuts
     D:9: 850 daAuts
  Lair:4: 841 daAuts
     D:6: 798 daAuts
     D:7: 761 daAuts
